 Dungeon Crawl Stone Soup version 0.21.1-1-g345015f (webtiles) character file.

519967 glosham the Champion of Chaos (level 27, -18/180 HPs)
             Began as a Kobold Artificer on May 18, 2018.
             Was the Champion of Makhleb.
             Killed from afar by Xtahua (68 damage)
             ... with a searing blast
             ... on level 5 of the Depths on May 25, 2018.
             The game lasted 21:36:31 (54726 turns).

glosham the Champion of Chaos (Kobold Artificer)   Turns: 54726, Time: 21:36:33

Health: -18/180    AC: 22    Str: 30 (31) XL:     27
Magic:  0/41       EV: 31    Int: 22      God:    Makhleb [******]
Gold:   2691       SH:  0    Dex: 19      Spells: 2/54 levels left

rFire    . . .     SeeInvis +   a - +6 short sword of Undoing {flame, +Blink MR+ Str+3 SInv}
rCold    + . .     Gourm    .   (shield restricted)
rNeg     . . .     Faith    .   X - +9 ring mail of the Distant Future {Str+3}
rPois    .         Spirit   +   U - +0 helmet "Tuiwoti" {MR++ Str+3}
rElec    .         Reflect  .   Y - scarf {repulsion}
rCorr    .         Harm     .   V - +2 pair of gloves {Dex+3}
MR       +++++                  W - +1 pair of boots of a ziggurat {Str+2 Int+4}
Stlth    +++++++...             z - amulet of guardian spirit
HPRegen  0.40/turn              A - ring "Ribithrus" {rC+ MR+ Str+4 Slay+3}
MPRegen  0.27/turn              B - +3 ring of evasion

@: repel missiles
A: small, carnivore, deterioration 1
}: 2/15 runes: decaying, gossamer
a: Minor Destruction, Lesser Servant of Makhleb, Major Destruction, Greater
Servant of Makhleb, Renounce Religion, Evoke Blink


You were on level 5 of the Depths.
You worshipped Makhleb.
Makhleb was exalted by your worship.
You were completely stuffed.

You visited 9 branches of the dungeon, and saw 46 of its levels.
You also visited: Trove, Bailey, Ice Cave, Volcano and Wizlab.

You collected 8711 gold pieces.
You spent 6020 gold pieces at shops.

Inventory:

Hand Weapons
 a - the +6 short sword of Undoing (weapon) {flame, +Blink MR+ Str+3 SInv}
   (You found it in a bailey)

   It has been specially enchanted to burn those struck by it, causing extra
   injury to most foes and up to half again as much damage against particularly
   susceptible opponents.
   It affects your strength (+3).
   It affects your resistance to hostile enchantments.
   It lets you see invisible.
   It lets you blink.
 b - the +8 triple crossbow of Hepliaklqana {speed, rF+ rN++ Str-4}
   (You acquired it on level 3 of the Depths)

   Attacks with this weapon are significantly faster.
   It affects your strength (-4).
   It protects you from fire.
   It greatly protects you from negative energy.
 c - the +8 dagger "Reucsyiw" {pierce, rElec rPois MR-}
   (You found it on level 5 of the Dungeon)

   It inflicts extra damage upon your enemies.
   It insulates you from electricity.
   It protects you from poison.
   It affects your resistance to hostile enchantments.
 d - a +9 quick blade of freezing
Missiles
 f - 1646 bolts
Armour
 U - the +0 helmet "Tuiwoti" (worn) {MR++ Str+3}
   (You found it on level 3 of the Crypt)

   It affects your strength (+3).
   It affects your resistance to hostile enchantments.
 V - a +2 pair of gloves of dexterity (worn)
 W - the +1 pair of boots of a ziggurat (worn) {Str+2 Int+4}
   (You found it in an ice cave)

   It affects your strength (+2).
   It affects your intelligence (+4).
 X - the +9 ring mail of the Distant Future (worn) {Str+3}
   (You found it on level 10 of the Dungeon)

   It affects your strength (+3).
 Y - a scarf of repulsion (worn)
 Z - a scarf of cloud immunity
Magical Staves
 w - an uncursed staff of wizardry {!a}
Jewellery
 z - an amulet of guardian spirit (around neck)
 A - the ring "Ribithrus" (left hand) {rC+ MR+ Str+4 Slay+3}
   (You took it off a spriggan air mage on level 2 of the Depths)

   [ring of protection from cold]

   It affects your strength (+4).
   It affects your accuracy and damage with ranged weapons and melee attacks
   (+3).
   It protects you from cold.
   It affects your resistance to hostile enchantments.
 B - a +3 ring of evasion (right hand)
 C - an uncursed ring of protection from cold
 D - the ring of Enisusub {rF+ Int+4 Dex-3}
   (You found it on level 3 of the Elven Halls)

   [ring of protection from fire]

   It affects your intelligence (+4).
   It affects your dexterity (-3).
   It protects you from fire.
 S - an uncursed ring of resist corrosion
Wands
 g - a wand of digging (7)
 h - a wand of polymorph (36)
 i - a wand of paralysis (45)
 j - a wand of clouds (3)
Scrolls
 k - 11 scrolls of teleportation
 l - 9 scrolls of blinking
 m - 11 scrolls of fog
 n - 5 scrolls of fear
 o - 19 scrolls of remove curse
 p - a scroll of identify
 F - 2 scrolls of summoning
Potions
 q - 5 potions of ambrosia
 r - 18 potions of curing
 s - 7 potions of heal wounds
 t - 8 potions of magic
 u - 11 potions of haste
 v - 5 potions of resistance
 x - 8 potions of agility
 y - 6 potions of might
 G - 3 potions of cancellation
 H - 10 potions of brilliance
 I - 13 potions of flight
 K - a potion of mutation {!q}
Miscellaneous
 E - a lightning rod (4/4)
Comestibles
 e - 86 rations
 J - 2 chunks of flesh


   Skills:
 - Level 20.3 Fighting
 - Level 12.0 Short Blades
 * Level 18.5 Crossbows
 - Level 7.0 Armour
 - Level 15.9 Dodging
 - Level 20.2 Stealth
 - Level 14.0 Spellcasting
 - Level 3.0 Hexes
 - Level 2.0 Charms
 - Level 15.3 Summonings
 - Level 3.0 Necromancy
 - Level 6.0 Translocations
 - Level 1.0 Ice Magic
 - Level 20.9 Invocations
 - Level 3.6 Evocations


You had 2 spell levels left.
You knew the following spells:

 Your Spells              Type           Power        Failure   Level  Hunger
a - Apportation           Tloc           #####.       1%          1    None
b - Blink                 Tloc           N/A          1%          2    None
c - Summon Ice Beast      Ice/Summ       ######..     1%          4    None
g - Passage of Golubria   Tloc           N/A          4%          4    None
h - Summon Hydra          Summ           ######....   9%          7    ######.
j - Aura of Abjuration    Summ           ######....   1%          5    ###....
p - Portal Projectile     Hex/Tloc       #####.       2%          3    None
r - Regeneration          Chrm/Necr      ####......   6%          3    None
s - Shroud of Golubria    Chrm/Tloc      ####......   1%          2    None
v - Summon Mana Viper     Hex/Summ       ######..     3%          5    ###....
z - Summon Lightning Spi  Summ/Air       #####...     2%          4    None
B - Summon Butterflies    Summ           ######..     0%          1    None
C - Shadow Creatures      Summ           N/A          1%          6    #####..
D - Summon Demon          Summ           ######....   1%          5    ###....


Dungeon Overview and Level Annotations

Branches:
Dungeon (15/15)            Temple (0/1) D:6            Lair (6/6) D:11
  Swamp (4/4) Lair:2       Spider (4/4) Lair:4        Slime (0/5) Lair:6
    Orc (2/2) D:10            Elf (3/3) Orc:2        Vaults (4/5) D:14
  Crypt (3/3) Vaults:3       Tomb (0/3) Crypt:3      Depths (4/5) D:15

Altars:
Ashenzari
Elyvilon
Fedhas
Gozag
Hepliaklqana
Kikubaaqudgha
Makhleb
Nemelex Xobeh
Sif Muna
Trog
Uskayaw
Yredelemnul
Zin
The Shining One
Beogh

Shops:
D:5 *   D:9 !   D:10 %   D:14 *   Orc:1 :   Orc:2 (?(   Elf:3 *(!!
Vaults:3 *?   Vaults:4 *

Portals:
Hell: Depths:1 Depths:2 Depths:3 Depths:5
Pandemonium: Depths:3
Ziggurat: Depths:2

Annotations:
Depths:5 Xtahua


Innate Abilities, Weirdness & Mutations

You are small and have problems with some larger weapons.
You are carnivorous and can eat meat at any time.
Your body sometimes deteriorates upon taking damage.


Message History

Your four-headed hydra bites Xtahua! x4; The yaktaur captain shoots a bolt.
The bolt hits you!!!
A green ugly thing comes into view.
Unknown command.
You hit Xtahua but do no damage.
Xtahua is heavily wounded.
Xtahua bites you. Xtahua completely misses you. Xtahua barely misses you.
Unknown command.
You puncture Xtahua!
Xtahua is heavily wounded.
Your four-headed hydra bites Xtahua.
Your four-headed hydra bites Xtahua!
Your four-headed hydra bites Xtahua.
Your four-headed hydra bites Xtahua but does no damage.
You hit Xtahua but do no damage.
Xtahua is severely wounded.
The yaktaur captain shoots a bolt.
The bolt completely misses you. Xtahua completely misses you.
Xtahua misses you. Xtahua tramples you.
You stumble backwards!
Unknown command.
You puncture Xtahua!
Xtahua is severely wounded.
Your four-headed hydra bites Xtahua but does no damage.
Your four-headed hydra bites Xtahua!
Your four-headed hydra bites Xtahua but does no damage. x2
You hit Xtahua but do no damage.
Xtahua is severely wounded.
Xtahua completely misses you. Xtahua misses you.
Xtahua tramples you but does no damage.
You hit Xtahua but do no damage.
Xtahua is severely wounded.
Your four-headed hydra bites Xtahua but does no damage.
Your four-headed hydra bites Xtahua!
Your four-headed hydra bites Xtahua but does no damage.
Your four-headed hydra bites Xtahua.
The great orb of eyes bites you but does no damage.
You puncture Xtahua!
Xtahua is almost dead.
Xtahua breathes flames at you. The searing blast hits you!
You die...

#........
#######+#........
...........c.....
.................
........u........
.................
.................
.....§..@D.......
........GD§§§§§§.
..........§§≈≈≈..
..........≈###≈..
..........≈# ..
..........≈# !
..........§≈
.............
###+#########


You could see Xtahua, a yaktaur captain, a great orb of eyes, a green ugly thing
and a friendly four-headed hydra.

Vanquished Creatures
  3 juggernauts (Depths:3)
  An ancient lich (Crypt:3)
  Boris (Depths:3)
  2 caustic shrikes (Depths:3)
  3 golden dragons (Depths:3)
  A bone dragon (Vaults:3)
  Nikola (Depths:2)
  A hellephant (Depths:1)
  2 liches
  A tentacled monstrosity (Depths:3)
  Asterion (Depths:2)
  A titan (Depths:2)
  A shard shrike skeleton (Crypt:2)
  2 ancient champions
  2 deep elf master archers (Elf:3)
  2 sphinxes
  A shadow dragon (Depths:4)
  A storm dragon (Depths:3)
  3 fire giants
  8 vault wardens
  9 frost giants
  An iron dragon (Depths:3)
  3 deep elf sorcerers (Elf:3)
  A ghost moth (Spider:4)
  2 orc warlords
  4 deep elf elementalists (Elf:3)
  3 spriggan defenders
  4 emperor scorpions
  4 ironheart preservers
  A reaper (Depths:3)
  A war gargoyle (Crypt:3)
  14 stone giants
  An entropy weaver (Vaults:2)
  18 very ugly things
  2 vampire knights
  A deep elf demonologist (Elf:3)
  7 dire elephants (Depths:1)
  6 spark wasps
  An orange crystal statue (WizLab)
  The ghost of w0lly the Blocker, a journeyman HOFi of Okawaru (Spider:1)
  3 deep elf annihilators (Elf:3)
  2 eidola (Crypt:1)
  6 ettins
  4 deep elf death magi
  6 fire dragons
  3 deep elf high priests (Elf:3)
  3 rakshasas
  2 jiangshi
  24 hydras
  6 great orbs of eyes
  3 ice dragons (Depths:3)
  A catoblepas (Lair:6)
  11 yaktaur captains
  3 spriggan air magi
  11 centaur warriors
  9 alligators
  7 ogre magi
  25 two-headed ogres
  2 ghost crabs
  7 deep troll shamans
  2 death knights
  4 death scarabs (Spider:4)
  20 death yaks
  17 dancing weapons
  2 spriggan berserkers (Depths:3)
  4 tengu warriors
  2 orc high priests (Orc:2)
  6 deep troll earth magi
  Sonja (D:13)
  2 vampire magi
  20 deep elf knights
  A small abomination (Elf:1)
  An iron troll (Depths:2)
  A large abomination (Elf:1)
  A sixfirhy (Depths:3)
  9 hell knights
  A sea snake (shapeshifter) (Depths:3)
  33 skeletal warriors
  12 swamp dragons
  A golden dragon zombie (Crypt:1)
  A glowing orange brain (Vaults:3)
  2 spriggan druids
  An unseen horror (D:14)
  4 flayed ghosts
  2 spectral wolf spiders (Spider:4)
  2 lindwurms (shapeshifter)
  10 deep trolls
  A storm dragon skeleton (Crypt:3)
  5 ironbrand convokers
  5 wolf spider zombies
  15 deep elf archers
  A lindwurm (Lair:5)
  7 necromancers
  18 orc knights
  6 phantasmal warriors
  45 deep elf magi
  3 harpies (Vaults:2)
  3 wizards
  2 shambling mangroves (Swamp:4)
  A shadow dragon zombie (Vaults:4)
  33 hornets
  An orb spider (shapeshifter) (Depths:3)
  14 orb spiders
  26 wolf spiders
  8 orc sorcerers
  37 ugly things
  2 shadow dragon skeletons
  A salamander (shapeshifter) (Elf:3)
  5 cyclopes
  2 manticores
  A frost giant zombie (Crypt:1)
  3 moths of wrath
  16 elephants
  A moth of wrath (shapeshifter) (Vaults:4)
  14 vault sentinels
  2 black mambas (Lair:6)
  A smoke demon (Crypt:3)
  11 spiny frogs
  2 gargoyles
  6 freezing wraiths
  A dire elephant skeleton (Crypt:3)
  3 rime drakes
  3 spectral redbacks (Spider:4)
  4 komodo dragons
  2 redback zombies (Spider:4)
  A yaktaur (shapeshifter) (D:15)
  34 yaktaurs
  2 kobold demonologists (D:12)
  7 demonic crawlers
  3 ice devils
  2 efreet
  7 red devils
  A polar bear (Lair:6)
  A guardian mummy (Crypt:3)
  A catoblepas skeleton (Crypt:3)
  A jumping spider (shapeshifter) (Depths:3)
  4 tengu conjurers
  A harpy zombie (Crypt:3)
  A queen bee (Spider:2)
  4 tyrant leeches
  5 trolls
  26 jumping spiders
  Prince Ribbit (D:7)
  A jumping spider zombie (Spider:4)
  A spectral jumping spider (Spider:4)
  8 bog bodies
  3 spectral tarantellas (Spider:4)
  32 slime creatures
  9 blink frogs
  6 hippogriffs
  2 alligator zombies (Swamp:4)
  An ice dragon zombie (Crypt:3)
  3 tarantella zombies (Spider:4)
  3 flying skulls (Vaults:3)
  A tarantella (shapeshifter) (Vaults:1)
  89 redbacks
  A spriggan (shapeshifter) (Vaults:4)
  6 air elementals
  10 wraiths
  13 spriggans
  9 water elementals
  3 shadows
  42 tarantellas
  2 wyverns
  3 fire dragon skeletons
  A dire elephant simulacrum (Lair:2)
  40 yaks
  An ettin skeleton (Crypt:1)
  5 fire elementals
  A basilisk (shapeshifter) (Depths:3)
  4 basilisks
  5 fire bats (Volcano)
  6 hogs (Lair:4)
  4 hungry ghosts
  28 vampire mosquitoes
  6 wargs
  10 insubstantial wisps
  16 water moccasins
  Duvessa (D:7)
  An infernal demonspawn skeleton (Crypt:2)
  15 swamp worms
  A water moccasin (shapeshifter) (Depths:3)
  2 hell hounds (D:11)
  2 acid dragons
  5 porcupines
  A spectral hornet (Spider:4)
  A merfolk skeleton (Crypt:3)
  16 swamp drakes
  6 floating eyes
  3 sky beasts
  2 ice beasts
  A black bear (shapeshifter) (Depths:1)
  50 orc warriors
  2 phantoms
  A swamp drake (shapeshifter) (Vaults:4)
  An elephant skeleton (Crypt:2)
  23 ogres
  5 black bears
  3 necrophages
  A tengu (shapeshifter) (Vaults:4)
  A black mamba simulacrum (Crypt:1)
  2 eyes of draining
  10 centaurs
  A snapping turtle skeleton (Crypt:3)
  15 wolves
  Blork the orc (D:5)
  6 big kobolds
  7 crocodiles
  13 bullfrogs
  A komodo dragon zombie (Swamp:4)
  An earth elemental (Elf:2)
  Dowan (D:7)
  A human skeleton (Vaults:4)
  2 gnoll sergeants
  A water moccasin zombie (D:8)
  3 scorpions
  2 troll zombies (Crypt:1)
  12 killer bees
  A shapeshifter zombie (Crypt:1)
  7 wights (D:12)
  2 howler monkeys
  A spriggan skeleton (Crypt:3)
  10 electric eels
  11 crimson imps
  7 lava snakes (Volcano)
  2 centaur zombies
  A quasit (D:13)
  A bullfrog zombie (D:12)
  A bullfrog skeleton (Crypt:1)
  6 jellies
  7 centaur skeletons
  34 orc priests
  4 hounds
  29 orc wizards
  5 iguanas
  8 worker ants
  6 hell rats (Lair:2)
  A bullfrog simulacrum (Lair:2)
  A tengu skeleton (Crypt:1)
  A felid skeleton (Crypt:2)
  7 mummies (Crypt:3)
  2 worker ant zombies
  11 gnolls
  A scorpion zombie (Crypt:1)
  15 adders
  8 river rats (Lair:1)
  3 shadow imps
  A swamp drake skeleton (Crypt:2)
  10 white imps
  9 ufetubi
  3 oozes
  An adder skeleton (D:7)
  5 worms
  3 dart slugs
  6 leopard geckos
  148 orcs
  5 giant cockroaches
  33 goblins
  41 hobgoblins
  10 jackals
  31 kobolds
  6 quokkas
  6 bats
  3 frilled lizards
  A gnoll skeleton (Crypt:1)
  A jackal skeleton (D:8)
  A leopard gecko skeleton (D:6)
  8 rats
  2 fungi
  A plant (Lair:6)
1961 creatures vanquished.

Vanquished Creatures (collateral kills)
  An ancient lich (Crypt:3)
  A juggernaut (Depths:3)
  Bai Suzhen (Vaults:3)
  A golden dragon (Depths:2)
  A bone dragon (Crypt:3)
  2 liches
  A tentacled monstrosity (Depths:3)
  A deep elf blademaster (Elf:3)
  2 sphinxes (Crypt:3)
  A storm dragon (Depths:2)
  Kirke (Lair:4)
  2 tengu reavers
  The ghost of Terandir the Severer, an adept MiFi of Cheibriados (Elf:2)
  3 fire giants
  A vault warden (Vaults:4)
  A curse skull (Crypt:3)
  A deep elf sorcerer (Elf:2)
  3 emperor scorpions
  2 ghost moths (Spider:4)
  3 deep elf elementalists
  3 ironheart preservers
  2 war gargoyles (Crypt:3)
  A spriggan defender (Depths:3)
  6 stone giants
  An entropy weaver (Vaults:3)
  8 very ugly things
  A deep elf annihilator (Elf:3)
  5 deep elf demonologists
  2 vampire knights
  6 dire elephants (Depths:1)
  2 spark wasps (Depths:4)
  3 ettins
  An eidolon (Crypt:1)
  4 jiangshi (Crypt:1)
  4 deep elf death magi (Elf:3)
  A fire dragon (Depths:1)
  4 deep elf high priests
  4 vault guards
  A yaktaur captain (Vaults:2)
  2 ice dragons
  A hydra (Swamp:4)
  A great orb of eyes (Vaults:1)
  3 spriggan air magi (Depths:2)
  A rakshasa (Depths:2)
  2 centaur warriors
  An alligator (Swamp:4)
  A death knight (Crypt:2)
  8 two-headed ogres
  A titan zombie (Vaults:4)
  16 dancing weapons
  6 ogre magi
  4 death scarabs (Spider:4)
  4 deep troll shamans
  2 orc high priests (Orc:2)
  A small abomination (Elf:1)
  A vampire mage (Crypt:1)
  5 spriggan berserkers
  2 soul eaters
  9 hell knights
  A fire crab (shapeshifter) (Vaults:4)
  6 deep elf knights
  2 shadow wraiths
  8 skeletal warriors
  3 shambling mangroves
  2 wizards
  6 deep trolls
  A spectral wolf spider (Spider:4)
  4 deep elf archers
  21 deep elf magi
  4 ironbrand convokers
  2 orc knights
  4 necromancers
  A tengu zombie (Vaults:4)
  An orc sorcerer (Elf:1)
  12 ugly things
  A stone giant zombie (Crypt:1)
  2 wolf spiders (Spider:4)
  A rust devil (Depths:3)
  A stone giant skeleton (Crypt:1)
  A black mamba (Lair:4)
  A frost giant skeleton (Crypt:3)
  7 vault sentinels
  A spiny frog (Lair:4)
  3 gargoyles (Crypt:3)
  2 shock serpent skeletons
  A yaktaur zombie (Vaults:4)
  11 yaktaurs
  2 freezing wraiths
  3 demonic crawlers
  A rime drake (Lair:4)
  A catoblepas skeleton (Crypt:2)
  7 ice devils (IceCv)
  3 red devils (Crypt:3)
  2 guardian mummies (Crypt:3)
  A troll (Vaults:4)
  2 jumping spiders (Spider:4)
  5 slime creatures (Depths:1)
  3 hornets
  A harpy skeleton (Crypt:1)
  3 spectral jumping spiders (Spider:4)
  An iron dragon simulacrum (Crypt:1)
  A fire dragon zombie (Crypt:1)
  An ettin zombie (Crypt:1)
  An air elemental (Depths:2)
  A human simulacrum (Vaults:4)
  A flying skull (Vaults:3)
  A fire dragon skeleton (Crypt:1)
  An ettin skeleton (Vaults:4)
  3 redbacks
  3 spriggans (Depths:2)
  A water elemental (Depths:1)
  An ushabti (Crypt:3)
  A hog (shapeshifter) (Depths:2)
  A yak (Lair:4)
  2 wraiths
  2 fire elementals
  A spatial vortex (Spider:1)
  2 wargs
  A swamp worm (Swamp:4)
  A soldier ant (shapeshifter) (Vaults:3)
  A hydra simulacrum (Lair:2)
  A swamp drake (Swamp:4)
  3 orc warriors
  A black mamba simulacrum (Lair:2)
  3 ogres
  A centaur (Volcano)
  A crocodile (D:8)
  A spiny frog simulacrum (Lair:2)
  A killer bee (D:9)
  A quasit (Depths:3)
  3 orc priests
  5 orc wizards
  A hell rat (Lair:1)
  A mummy (Crypt:3)
  A swamp drake zombie (Swamp:4)
  2 river rats (Lair:1)
  A white imp (Depths:3)
  12 orcs
  An orc skeleton (Crypt:3)
372 creatures vanquished.

Vanquished Creatures (others)
  A reaper (IceCv)
  2 deep elf demonologists
  A red draconian (Volcano)
  A deep elf knight (Elf:1)
  A deep elf archer (Elf:1)
  A wizard (Depths:1)
  A deep elf mage (Elf:1)
  A yaktaur (Vaults:2)
  2 hornets
  A hippogriff (D:10)
  2 redbacks
  A hydra simulacrum (Lair:2)
  An orc warrior (Elf:1)
  2 killer bees (D:9)
  2 howler monkeys (D:14)
  A hell rat (Lair:1)
  4 white imps (IceCv)
  2 ufetubi (IceCv)
  An orc (Vaults:4)
  A crawling corpse (Elf:1)
  54 fungi
  48 plants
  6 withered plants (Crypt:3)
137 creatures vanquished.

Grand Total: 2470 creatures vanquished

Notes
Turn   | Place    | Note
-------+----------+-------------------------------------------
     0 | D:1      | glosham the Kobold Artificer began the quest for the Orb.
     0 | D:1      | Reached XP level 1. HP: 12/12 MP: 3/3
   215 | D:1      | Reached skill level 2 in Fighting
   221 | D:1      | Reached XP level 2. HP: 13/18 MP: 4/4
   237 | D:2      | Found a burning altar of Makhleb.
   245 | D:2      | Became a worshipper of Makhleb the Destroyer
   359 | D:1      | Reached skill level 1 in Invocations
   386 | D:1      | Reached XP level 3. HP: 16/22 MP: 5/5
   451 | D:1      | Reached skill level 2 in Invocations
   762 | D:2      | Found a faded altar of an unknown god.
   928 | D:2      | Found a glowing golden altar of the Shining One.
   971 | D:2      | Reached XP level 4. HP: 27/27 MP: 6/6
   977 | D:2      | Reached skill level 3 in Invocations
  1223 | D:2      | HP: 1/27 [iguana (9)]
  1272 | D:2      | Reached * piety under Makhleb
  1398 | D:3      | Reached skill level 4 in Invocations
  1398 | D:3      | Reached XP level 5. HP: 14/31 MP: 6/8
  1800 | D:3      | Found a shattered altar of Ashenzari.
  2101 | D:4      | Reached skill level 5 in Invocations
  2196 | D:4      | Reached XP level 6. HP: 33/36 MP: 9/9
  2712 | D:4      | Reached skill level 6 in Invocations
  3033 | D:4      | Reached ** piety under Makhleb
  3322 | D:4      | Reached XP level 7. HP: 37/40 MP: 12/12
  3361 | D:4      | Reached skill level 7 in Invocations
  3542 | D:4      | Reached *** piety under Makhleb
  3792 | D:5      | Entered Level 5 of the Dungeon
  3855 | D:5      | Reached skill level 8 in Invocations
  3872 | D:5      | Found Sxzyces's Superlative Supplies.
  3927 | D:5      | Reached XP level 8. HP: 31/45 MP: 14/14
  4055 | D:5      | Reached skill level 9 in Invocations
  4285 | D:5      | Noticed Blork the orc
  4288 | D:5      | Killed Blork the orc
  4288 | D:5      | Reached skill level 10 in Invocations
  4340 | D:5      | Got a transparent dagger
  4343 | D:5      | Identified the +8 dagger "Reucsyiw" {pierce, rElec rPois MR-} (You found it on level 5 of the Dungeon)
  4555 | D:6      | Noticed a troll
  4560 | D:6      | Killed a troll
  4627 | D:6      | Reached XP level 9. HP: 48/49 MP: 17/17
  4630 | D:6      | Reached skill level 11 in Invocations
  4656 | D:6      | Found a burning altar of Makhleb.
  5339 | D:6      | Found a staircase to the Ecumenical Temple.
  5484 | D:7      | Found a sparkling altar of Nemelex Xobeh.
  5484 | D:7      | Found a hazy altar of Hepliaklqana.
  5494 | D:7      | Reached skill level 12 in Invocations
  5501 | D:7      | Found a glowing silver altar of Zin.
  5501 | D:7      | Found a hide-covered altar of Uskayaw.
  5501 | D:7      | Found a deep blue altar of Sif Muna.
  5501 | D:7      | Found an ancient bone altar of Kikubaaqudgha.
  5501 | D:7      | Found an opulent altar of Gozag.
  5502 | D:7      | Found a white marble altar of Elyvilon.
  5633 | D:7      | Reached **** piety under Makhleb
  5670 | D:7      | Found a bloodstained altar of Trog.
  5776 | D:7      | Noticed Prince Ribbit
  5788 | D:7      | Killed Prince Ribbit
  5788 | D:7      | Reached skill level 13 in Invocations
  5863 | D:7      | Noticed Duvessa
  5865 | D:7      | Noticed Dowan
  5874 | D:7      | Killed Duvessa
  5874 | D:7      | Reached XP level 10. HP: 54/54 MP: 18/20
  5876 | D:7      | Killed Dowan
  6302 | D:8      | Reached skill level 14 in Invocations
  6829 | D:9      | Found Oquemioh's Distillery.
  6881 | D:9      | Reached skill level 15 in Invocations
  6886 | D:9      | Noticed a manticore
  6892 | D:9      | Killed a manticore
  7015 | D:9      | Found a blossoming altar of Fedhas.
  7273 | D:10     | Entered Level 10 of the Dungeon
  7278 | D:10     | Reached XP level 11. HP: 58/58 MP: 22/22
  7470 | D:10     | Reached skill level 16 in Invocations
  7519 | D:10     | Reached ***** piety under Makhleb
  7596 | D:10     | Noticed a two-headed ogre
  7602 | D:10     | Killed a two-headed ogre
  7840 | D:10     | Found Quirgh's Food Shop.
  7924 | D:10     | Got a faintly glowing ring mail
  7935 | D:10     | Found a staircase to the Orcish Mines.
  8032 | D:10     | Identified the +9 ring mail of the Distant Future {Str+3} (You found it on level 10 of the Dungeon)
  8287 | D:11     | Reached skill level 17 in Invocations
  8492 | D:11     | Noticed a manticore
  8499 | D:11     | Killed a manticore
  8499 | D:11     | Reached skill level 3 in Fighting
  8499 | D:11     | Reached skill level 1 in Armour
  8499 | D:11     | Reached skill level 3 in Dodging
  8514 | D:11     | Found a staircase to the Lair.
  8599 | D:11     | Noticed a two-headed ogre
  8604 | D:11     | Killed a two-headed ogre
  8604 | D:11     | Reached skill level 4 in Fighting
  8604 | D:11     | Reached skill level 4 in Dodging
  8776 | D:11     | Found a portal to a secret trove of treasure.
  8811 | D:11     | Identified the +1 robe of the Griffon {+Inv +Fly MR-} (You found it on level 11 of the Dungeon)
  8855 | Lair:1   | Entered Level 1 of the Lair of Beasts
  9174 | Lair:1   | Reached skill level 5 in Dodging
  9183 | Lair:1   | Reached skill level 2 in Armour
  9183 | Lair:1   | Reached XP level 12. HP: 66/67 MP: 24/24
  9215 | Lair:1   | Reached skill level 5 in Fighting
  9543 | Lair:2   | Reached skill level 6 in Dodging
  9555 | Lair:2   | Reached skill level 3 in Armour
  9614 | Lair:2   | Reached skill level 6 in Fighting
  9664 | Lair:2   | Reached skill level 7 in Dodging
  9669 | Lair:2   | Found a transporter.
  9901 | Lair:2   | Found a staircase to the Swamp.
 10011 | Lair:2   | Found a transporter.
 10073 | Lair:2   | Got a pair of slimy boots
 10087 | Lair:2   | Got a polished short sword
 10103 | Lair:2   | Identified the cursed +0 pair of boots of Ciacuix {rPois} (You found it on level 2 of the Lair of Beasts)
 10103 | Lair:2   | Identified the cursed +1 short sword of Siser {freeze, rN++ Dex+2} (You found it on level 2 of the Lair of Beasts)
 10595 | Lair:3   | Reached skill level 7 in Fighting
 10645 | Lair:3   | Got a faintly glowing robe
 10798 | Lair:3   | Reached skill level 8 in Dodging
 10845 | Lair:3   | Noticed an eight-headed hydra
 11088 | Lair:3   | Reached XP level 13. HP: 76/76 MP: 25/25
 11185 | Lair:3   | Killed an eight-headed hydra
 11185 | Lair:3   | Reached skill level 18 in Invocations
 11205 | Lair:3   | Identified the cursed +0 robe "Ilorheff" {rPois Stlth+} (You found it on level 3 of the Lair of Beasts)
 11518 | D:5      | HP: 3/78 [something (8)]
 11887 | D:9      | Bought a potion of cancellation for 128 gold pieces
 12054 | Lair:4   | Got a slimy trident
 12164 | Lair:4   | Identified the +5 trident "Nufanani" {pierce, MR+ Int+4} (You found it on level 4 of the Lair of Beasts)
 12225 | Lair:4   | Found a dark tunnel.
 12232 | Volcano  | Entered a volcano
 12322 | Volcano  | Reached skill level 8 in Fighting
 12360 | Volcano  | Noticed a centaur warrior
 12362 | Volcano  | Noticed a red draconian
 12368 | Volcano  | Killed a centaur warrior
 12372 | Volcano  | Gained mutation: Your body sometimes deteriorates upon taking damage. [a cacodemon]
 12373 | Volcano  | Killed a red draconian
 12375 | Volcano  | Reached skill level 9 in Dodging
 12385 | Volcano  | Found a radiant altar of Vehumet.
 12401 | Volcano  | Found a bloodstained altar of Trog.
 12456 | Volcano  | Identified a +0 pair of boots of flying (You found it in a volcano)
 12845 | Lair:4   | Noticed Kirke
 12860 | Lair:4   | Killed Kirke
 13066 | Lair:4   | Found a hole to the Spider Nest.
 13301 | Lair:5   | Reached skill level 9 in Fighting
 13358 | Lair:4   | Reached skill level 10 in Dodging
 13427 | Lair:5   | Reached skill level 19 in Invocations
 13665 | Lair:5   | Reached XP level 14. HP: 66/86 MP: 27/27
 13722 | Lair:5   | Reached ****** piety under Makhleb
 14022 | Orc:1    | Entered Level 1 of the Orcish Mines
 14225 | Orc:2    | Entered Level 2 of the Orcish Mines
 14593 | Orc:2    | Reached skill level 10 in Fighting
 14804 | Orc:2    | Noticed a stone giant
 14818 | Orc:2    | Killed a stone giant
 14859 | Orc:2    | Found Myetes's Antique Weapon Emporium.
 14870 | Orc:2    | Found Hely's Antique Weapon Shoppe.
 14878 | Orc:2    | Reached skill level 11 in Dodging
 14929 | Orc:2    | Found a roughly hewn altar of Beogh.
 15327 | Orc:2    | Found a staircase to the Elven Halls.
 15412 | Orc:2    | Got a coiled granite ring
 15414 | Orc:2    | Identified the ring "Puawaill" {*Tele rPois rN+ Str+3 Dex-3} (You found it on level 2 of the Orcish Mines)
 15618 | Orc:2    | Noticed an orc warlord
 15643 | Orc:2    | HP: 7/88 [sun demon[an orc high priest] (13)]
 15657 | Orc:2    | Reached skill level 20 in Invocations
 15709 | Orc:2    | Killed an orc warlord
 15828 | Orc:2    | Found Uckyecle's Magic Scroll Emporium.
 15838 | Orc:2    | Bought a scroll of teleportation for 36 gold pieces
 15852 | Orc:2    | Found a roughly hewn altar of Beogh.
 16030 | Orc:2    | Found Rouzaps's Weapon Shoppe.
 16152 | Orc:1    | Found Cybec's Book Shop.
 16163 | Orc:1    | Reached skill level 11 in Fighting
 16579 | D:12     | Reached XP level 15. HP: 94/94 MP: 29/29
 16675 | D:12     | Reached skill level 12 in Dodging
 17404 | D:13     | Noticed Sonja
 17407 | D:13     | Killed Sonja
 18318 | D:14     | Found a frozen archway.
 18325 | D:14     | Found Wekes's General Store.
 18351 | IceCv    | Entered an ice cave
 18702 | IceCv    | Noticed a reaper
 18706 | IceCv    | Killed a reaper
 18719 | IceCv    | Got a pair of spiked boots
 18769 | IceCv    | HP: 9/96 [something (9)]
 18815 | IceCv    | Identified the +1 pair of boots of a ziggurat {Str+2 Int+4} (You found it in an ice cave)
 18884 | D:14     | Found a flagged portal.
 18914 | Bailey   | Entered a bailey
 18921 | Bailey   | Noticed an orc warlord
 18978 | Bailey   | Reached skill level 2 in Short Blades
 19007 | Bailey   | Found a runed gate.
 19009 | Bailey   | Found a runed gate.
 19011 | Bailey   | Found a runed gate.
 19127 | Bailey   | Killed an orc warlord
 19127 | Bailey   | Reached skill level 4 in Short Blades
 19164 | Bailey   | Identified the Reference Book on Flamy Talismans
 19167 | Bailey   | Identified a scroll of acquirement
 19183 | Bailey   | Identified the +6 short sword of Undoing {flame, +Blink MR+ Str+3 SInv} (You found it in a bailey)
 19226 | Bailey   | Learned a level 3 spell: Regeneration
 19229 | Bailey   | Learned a level 2 spell: Song of Slaying
 19281 | D:14     | Bought a scroll of identify for 34 gold pieces
 19281 | D:14     | Bought a scroll of enchant weapon for 127 gold pieces
 19281 | D:14     | Bought a scroll of identify for 34 gold pieces
 19281 | D:14     | Bought a scroll of identify for 34 gold pieces
 19283 | D:14     | Reached skill level 8 in Short Blades
 19283 | D:14     | Reached XP level 16. HP: 101/101 MP: 30/30
 19350 | D:11     | You paid a toll of 14 scrolls of teleportation to enter a treasure trove
 19351 | Trove    | Entered a treasure trove
 19359 | Trove    | Identified the +1 storm dragon scales of the Bull {rElec rPois MR+ SInv} (You found it in a treasure trove)
 19560 | D:5      | Bought a manual of Spellcasting for 1214 gold pieces
 19731 | Orc:1    | Bought a book of Summonings for 700 gold pieces
 19731 | Orc:1    | Bought a book of Beasts for 550 gold pieces
 19733 | Orc:1    | Learned a level 1 spell: Summon Butterflies
 19739 | Orc:1    | Learned a level 5 spell: Aura of Abjuration
 19800 | Orc:2    | Bought a scroll of identify for 24 gold pieces
 19800 | Orc:2    | Bought 3 scrolls of blinking for 270 gold pieces
 19800 | Orc:2    | Bought a scroll of identify for 24 gold pieces
 19800 | Orc:2    | Bought a scroll of identify for 24 gold pieces
 20038 | D:14     | Reached skill level 1 in Spellcasting
 20091 | D:14     | Reached skill level 2 in Spellcasting
 20207 | D:14     | Reached skill level 3 in Spellcasting
 20360 | D:15     | Entered Level 15 of the Dungeon
 20361 | D:15     | Reached skill level 4 in Spellcasting
 20422 | D:15     | Reached skill level 5 in Spellcasting
 20533 | D:15     | Reached skill level 1 in Summonings
 20584 | D:15     | Reached skill level 6 in Spellcasting
 20638 | D:15     | Reached skill level 2 in Summonings
 20726 | D:14     | Reached skill level 7 in Spellcasting
 20825 | D:15     | Found a staircase to the Depths.
 20825 | D:15     | Noticed a fire giant
 20978 | D:15     | Killed a fire giant
 20978 | D:15     | Reached skill level 8 in Spellcasting
 20995 | D:15     | Reached skill level 3 in Summonings
 21013 | D:15     | Learned a level 6 spell: Shadow Creatures
 21017 | D:15     | Learned a level 3 spell: Recall
 21027 | D:15     | Learned a level 5 spell: Summon Mana Viper
 21518 | D:14     | Reached XP level 17. HP: 106/106 MP: 31/31
 21611 | D:14     | Reached skill level 9 in Spellcasting
 21650 | D:14     | Found a gate to the Vaults.
 22205 | Lair:6   | Entered Level 6 of the Lair of Beasts
 22329 | Lair:6   | Reached skill level 10 in Spellcasting
 22329 | Lair:6   | Reached skill level 4 in Summonings
 22531 | Lair:6   | Reached skill level 11 in Spellcasting
 22662 | Lair:6   | Reached skill level 5 in Summonings
 23116 | Lair:6   | Reached skill level 6 in Summonings
 23229 | Lair:6   | Found a staircase to the Slime Pits.
 23358 | Lair:6   | Reached skill level 7 in Summonings
 23531 | Lair:6   | Reached skill level 8 in Summonings
 23578 | Lair:6   | Learned a level 4 spell: Passage of Golubria
 23581 | Lair:6   | Learned a level 2 spell: Blink
 23584 | Lair:6   | Learned a level 2 spell: Shroud of Golubria
 23732 | Swamp:1  | Entered Level 1 of the Swamp
 23781 | Swamp:1  | Reached skill level 1 in Translocations
 23924 | Swamp:1  | Reached skill level 2 in Translocations
 24209 | Swamp:1  | Reached skill level 9 in Summonings
 24338 | Swamp:1  | Reached skill level 3 in Translocations
 24422 | Swamp:2  | Identified the +8 dagger of Saltpetre {venom, MP+9 Dex+3} (You found it on level 2 of the Swamp)
 24524 | Swamp:2  | Reached skill level 4 in Translocations
 24733 | Swamp:2  | Paralysed by a hornet for 2 turns
 24744 | Swamp:2  | HP: 2/106 [hornet[a shambling mangrove] (9)]
 24748 | Swamp:2  | Reached XP level 18. HP: 40/112 MP: 1/33
 25273 | Swamp:3  | Reached skill level 12 in Spellcasting
 25444 | Swamp:3  | Reached skill level 5 in Translocations
 25698 | D:9      | Bought a potion of haste for 160 gold pieces
 25698 | D:9      | Bought a potion of flight for 48 gold pieces
 25698 | D:9      | Bought a potion of haste for 160 gold pieces
 25698 | D:9      | Bought a potion of heal wounds for 80 gold pieces
 25698 | D:9      | Bought 2 potions of flight for 96 gold pieces
 25698 | D:9      | Bought a potion of curing for 48 gold pieces
 25698 | D:9      | Bought a potion of ambrosia for 128 gold pieces
 25698 | D:9      | Bought a potion of curing for 48 gold pieces
 25981 | D:15     | Learned a level 5 spell: Summon Demon
 26249 | Swamp:4  | Entered Level 4 of the Swamp
 26275 | Swamp:4  | Reached skill level 10 in Summonings
 26327 | Swamp:4  | Reached skill level 4 in Armour
 26903 | Swamp:4  | Reached skill level 5 in Armour
 27038 | Swamp:4  | Reached skill level 11 in Summonings
 27242 | Swamp:4  | Reached skill level 6 in Armour
 27731 | Swamp:4  | Got a decaying rune of Zot
 28270 | Elf:1    | Entered Level 1 of the Elven Halls
 28411 | Elf:1    | Reached skill level 7 in Armour
 28484 | Elf:1    | Reached skill level 12 in Fighting
 28484 | Elf:1    | Reached skill level 12 in Summonings
 28746 | Elf:1    | Reached skill level 13 in Dodging
 28768 | Elf:1    | Reached XP level 19. HP: 99/116 MP: 6/35
 29110 | Elf:1    | Reached skill level 1 in Hexes
 29276 | Elf:1    | Reached skill level 2 in Hexes
 29469 | Elf:2    | Reached skill level 2 in Stealth
 29589 | Elf:2    | Reached skill level 3 in Stealth
 29691 | Elf:2    | Noticed Terandir's ghost (adept MiFi)
 29705 | Elf:2    | Killed Terandir's ghost
 29709 | Elf:2    | Reached skill level 4 in Stealth
 29713 | Elf:2    | Reached skill level 9 in Short Blades
 29722 | Elf:2    | Found a runed gate.
 29723 | Elf:2    | Found a runed gate.
 30073 | Elf:2    | Reached skill level 5 in Stealth
 30243 | Elf:2    | Found a runed gate.
 30587 | Elf:2    | Reached skill level 6 in Stealth
 30849 | Elf:2    | Reached skill level 7 in Stealth
 30871 | Elf:2    | Reached skill level 13 in Fighting
 31369 | Vaults:1 | Entered Level 1 of the Vaults
 31620 | Vaults:1 | Reached skill level 14 in Dodging
 31727 | Vaults:1 | Reached skill level 8 in Stealth
 31727 | Vaults:1 | Reached skill level 1 in Necromancy
 31750 | Vaults:1 | Reached XP level 20. HP: 121/124 MP: 5/36
 31833 | Vaults:1 | Reached skill level 1 in Charms
 31860 | Vaults:1 | Reached skill level 10 in Short Blades
 32138 | Vaults:1 | Noticed a Hell Sentinel
 32146 | Vaults:1 | Noticed a Brimstone Fiend
 32170 | Vaults:1 | Reached skill level 13 in Summonings
 32201 | Vaults:1 | Reached skill level 3 in Hexes
 32352 | Vaults:1 | Reached skill level 9 in Stealth
 32382 | Vaults:1 | Reached skill level 2 in Necromancy
 32489 | Vaults:1 | You fall through a shaft!
 32612 | Vaults:2 | Reached skill level 2 in Charms
 32944 | Vaults:2 | Reached skill level 10 in Stealth
 33010 | Vaults:2 | Reached skill level 6 in Translocations
 33064 | Vaults:2 | Identified the +1 robe "Achilud" {rF- Str+5} (You found it on level 2 of the Vaults)
 33133 | Vaults:2 | Reached skill level 3 in Necromancy
 34026 | Vaults:2 | Reached skill level 11 in Stealth
 34263 | Vaults:2 | Reached skill level 11 in Short Blades
 34481 | Vaults:3 | Noticed a bone dragon
 34509 | Vaults:3 | Killed a bone dragon
 34515 | Vaults:3 | Found a staircase to the Crypt.
 34701 | Vaults:3 | Noticed Bai Suzhen
 34726 | Vaults:3 | Killed Bai Suzhen
 34814 | Vaults:3 | Found Lunurghi's Assorted Antiques.
 34916 | Vaults:3 | Found Ehushry's Magic Scroll Shop.
 35013 | Vaults:3 | Reached XP level 21. HP: 131/131 MP: 37/37
 35271 | Vaults:3 | Learned a level 1 spell: Apportation
 35337 | Vaults:3 | Reached skill level 12 in Stealth
 35963 | D:15     | Learned a level 7 spell: Summon Hydra
 35969 | D:15     | Learned a level 4 spell: Summon Ice Beast
 36236 | Vaults:4 | Reached skill level 14 in Fighting
 36480 | Vaults:4 | Reached skill level 15 in Dodging
 36612 | Vaults:4 | Reached skill level 13 in Spellcasting
 36617 | Vaults:4 | Reached skill level 13 in Stealth
 37060 | Vaults:4 | Reached skill level 12 in Short Blades
 37763 | Vaults:4 | Reached skill level 14 in Stealth
 37855 | Vaults:4 | Found Keker's Assorted Antiques.
 38076 | Crypt:1  | Entered Level 1 of the Crypt
 38406 | Crypt:1  | Reached XP level 22. HP: 119/138 MP: 12/39
 38410 | Crypt:1  | Reached skill level 14 in Summonings
 39061 | Crypt:2  | Reached skill level 15 in Stealth
 39583 | Crypt:2  | Found a basalt altar of Yredelemnul.
 39771 | Crypt:3  | Entered Level 3 of the Crypt
 39998 | Crypt:3  | Reached skill level 1 in Ice Magic
 40524 | Crypt:3  | Noticed a bone dragon
 40558 | Crypt:3  | Killed a bone dragon
 40625 | Crypt:3  | Reached skill level 16 in Stealth
 40886 | Crypt:3  | Found a staircase to the Tomb.
 40918 | Crypt:3  | Reached skill level 15 in Fighting
 41100 | Crypt:3  | Found the +2 Maxwell's thermic engine {flame, freeze, rF- rC-}
 41122 | Crypt:3  | Identified the +2 pair of boots of Cucsupt {Dex+3} (You found it on level 3 of the Crypt)
 41305 | Crypt:3  | Reached skill level 15 in Summonings
 41418 | Crypt:3  | Found an ancient bone altar of Kikubaaqudgha.
 41420 | Crypt:3  | Noticed an ancient lich
 41437 | Crypt:3  | Killed an ancient lich
 41452 | Crypt:3  | Noticed an ancient lich
 41471 | Crypt:3  | Killed an ancient lich
 41487 | Crypt:3  | Identified the cursed +0 helmet "Tuiwoti" {MR++ Str+3} (You found it on level 3 of the Crypt)
 42115 | Elf:3    | Entered Level 3 of the Elven Halls
 42320 | Elf:3    | Found Yget's Distillery.
 42321 | Elf:3    | Found Pozuts's Distillery.
 42321 | Elf:3    | Found Laselion's Weapon Shop.
 42326 | Elf:3    | Found Sogyutos's Assorted Antiques.
 42337 | Elf:3    | Bought a scroll labeled PEUNYL FEQO for 22 gold pieces
 42940 | Elf:3    | Reached skill level 17 in Stealth
 42993 | Elf:3    | Reached XP level 23. HP: 136/144 MP: 10/40
 43315 | Elf:3    | Reached skill level 18 in Stealth
 43458 | Elf:3    | Got a brightly glowing plate armour
 43469 | Elf:3    | Got a faintly glowing whip
 43484 | Elf:3    | Identified the +2 plate armour "Lefynew" {rPois rF- rCorr} (You found it on level 3 of the Elven Halls)
 43622 | Elf:3    | Identified the ring of Enisusub {rF+ Int+4 Dex-3} (You found it on level 3 of the Elven Halls)
 43677 | Elf:3    | Identified the +1 robe of Bad Feelings {Regen+ MP+9} (You found it on level 3 of the Elven Halls)
 44036 | Depths:1 | Entered Level 1 of the Depths
 44204 | Depths:1 | Found a magical portal.
 44339 | Depths:1 | HP: 13/145 [dire elephant (27)]
 44343 | Depths:1 | Reached skill level 14 in Spellcasting
 44451 | WizLab   | Entered Wucad Mu's Monastery
 44520 | WizLab   | Found the +9 staff of Wucad Mu {channel}
 44546 | WizLab   | Reached skill level 16 in Fighting
 44567 | WizLab   | Reached skill level 19 in Stealth
 44567 | WizLab   | Reached XP level 24. HP: 152/152 MP: 6/41
 44838 | Depths:1 | Found a gateway to Hell.
 44953 | Depths:1 | HP: 14/154 [burnt (5)]
 45055 | D:15     | Learned a level 4 spell: Summon Lightning Spire
 45183 | Vaults:3 | Bought a scroll of enchant weapon for 112 gold pieces
 45183 | Vaults:3 | Bought a scroll of identify for 30 gold pieces
 45183 | Vaults:3 | Bought a scroll of teleportation for 45 gold pieces
 45183 | Vaults:3 | Bought a scroll of teleportation for 45 gold pieces
 45246 | Vaults:4 | Bought a scroll of identify for 68 gold pieces
 45306 | Vaults:3 | Bought a pitted lajatang for 720 gold pieces
 45306 | Vaults:3 | Identified the cursed +3 lajatang of Ritaek {speed, rElec rF- MP+9 Stlth+} (You bought it in a shop on level 3 of the Vaults)
 45545 | Depths:1 | Reached skill level 17 in Fighting
 46250 | Spider:1 | Entered Level 1 of the Spider Nest
 46453 | Spider:1 | Reached skill level 18 in Fighting
 46493 | Spider:1 | Noticed w0lly's ghost (journeyman HOFi)
 46541 | Spider:1 | Killed w0lly's ghost
 47296 | Spider:2 | Reached skill level 19 in Fighting
 47900 | Spider:3 | Reached XP level 25. HP: 166/166 MP: 41/41
 48516 | Spider:4 | Entered Level 4 of the Spider Nest
 49037 | Spider:4 | Identified the cursed +0 helmet of Jetruyte {+Fly rElec rN+ Str+2 Dex-2} (You found it on level 4 of the Spider Nest)
 49059 | Spider:4 | Reached skill level 20 in Stealth
 49549 | Spider:4 | Reached skill level 20 in Fighting
 49882 | Spider:4 | Got a gossamer rune of Zot
 50457 | Elf:3    | Bought a potion of heal wounds for 65 gold pieces
 50457 | Elf:3    | Bought a potion of haste for 130 gold pieces
 50457 | Elf:3    | Bought a potion of magic for 104 gold pieces
 50457 | Elf:3    | Bought a potion of cancellation for 104 gold pieces
 50460 | Elf:3    | Bought a potion of magic for 144 gold pieces
 50460 | Elf:3    | Bought a potion of agility for 72 gold pieces
 50460 | Elf:3    | Bought 2 potions of agility for 144 gold pieces
 50460 | Elf:3    | Bought a potion of might for 72 gold pieces
 50463 | Elf:3    | Bought a potion of mutation for 176 gold pieces
 50801 | Depths:2 | Reached skill level 1 in Crossbows
 50847 | Depths:2 | Reached skill level 2 in Crossbows
 50901 | Depths:2 | Found a gateway to a ziggurat.
 50940 | Depths:2 | Reached skill level 3 in Crossbows
 50990 | Depths:2 | Noticed Asterion
 51002 | Depths:2 | Killed Asterion
 51002 | Depths:2 | Reached skill level 4 in Crossbows
 51066 | Depths:2 | Reached skill level 5 in Crossbows
 51219 | Depths:2 | Reached skill level 6 in Crossbows
 51296 | Depths:2 | Paralysed by a floating eye for 2 turns
 51309 | Depths:2 | Paralysed by a floating eye for 4 turns
 51483 | Depths:2 | Reached skill level 7 in Crossbows
 51493 | Depths:2 | Identified the ring "Ribithrus" {rC+ MR+ Str+4 Slay+3} (You took it off a spriggan air mage on level 2 of the Depths)
 51587 | Depths:2 | Reached skill level 8 in Crossbows
 51778 | Depths:2 | Reached skill level 9 in Crossbows
 51906 | Depths:2 | Identified the +7 chain mail of Anarchy {*Drain rN++} (You took it off a spriggan on level 2 of the Depths)
 51947 | Depths:2 | Noticed Nikola
 51953 | Depths:2 | Killed Nikola
 51964 | Depths:2 | Reached skill level 10 in Crossbows
 52406 | Depths:3 | Reached XP level 26. HP: 175/175 MP: 41/41
 52427 | Depths:3 | Reached skill level 11 in Crossbows
 52606 | Depths:3 | Reached skill level 12 in Crossbows
 52616 | Depths:3 | Noticed a juggernaut
 52621 | Depths:3 | Killed a juggernaut
 52730 | Depths:3 | Reached skill level 13 in Crossbows
 52817 | Depths:3 | Identified the +1 scale mail of the Sturgeon {+Fly MR- Dex+4} (You found it on level 3 of the Depths)
 52994 | Depths:3 | Found a one-way gate leading to the halls of Pandemonium.
 53309 | Depths:3 | Noticed Boris
 53314 | Depths:3 | Killed Boris
 53314 | Depths:3 | Reached skill level 14 in Crossbows
 53615 | Depths:3 | Reached skill level 15 in Crossbows
 53747 | Depths:3 | Noticed a juggernaut
 53762 | Depths:3 | Killed a juggernaut
 53824 | Depths:3 | Reached skill level 16 in Crossbows
 53928 | Depths:3 | Learned a level 3 spell: Portal Projectile
 53959 | Depths:3 | Identified the +1 plate armour "Muwnyehome" {rElec rPois MR- Str+4} (You found it on level 3 of the Depths)
 54049 | Depths:3 | Reached skill level 17 in Crossbows
 54091 | Depths:3 | Noticed a juggernaut
 54093 | Depths:3 | Noticed a juggernaut
 54094 | Depths:3 | Paralysed by a floating eye for 3 turns
 54126 | Depths:3 | Killed a juggernaut
 54166 | Depths:3 | Reached XP level 27. HP: 180/180 MP: 18/41
 54173 | Depths:3 | Paralysed by a floating eye for 4 turns
 54215 | Depths:3 | Killed a juggernaut
 54226 | Depths:3 | Reached skill level 18 in Crossbows
 54238 | Depths:3 | Identified the +2 helmet of the Marlin {Int+6} (You found it on level 3 of the Depths)
 54244 | Depths:3 | Identified the +8 triple crossbow of Hepliaklqana {speed, rF+ rN++ Str-4} (You acquired it on level 3 of the Depths)
 54391 | D:15     | Identified the +3 rapier of the Spider {holy, *Noise rF+ Int+3} (You acquired it on level 15 of the Dungeon)
 54710 | Depths:4 | You fall through a shaft!
 54710 | Depths:5 | Entered Level 5 of the Depths
 54710 | Depths:5 | Noticed Xtahua
 54726 | Depths:5 | Killed from afar by Xtahua

Skill      XL: |  1  2  3  4  5  6  7  8  9 10 11 12 13 14 15 16 17 18 19 20 21 22 23 24 25 26 27 |
---------------+----------------------------------------------------------------------------------+-----
Fighting       | 2 4 7 9 11 12 13 14 15 16 19 20 | 20.3
Invocations    | 1 2 4 5 6 8 10 13 15 17 19 20 | 20.9
Armour         | 2 3 7 |  7.0
Dodging        | 5 8 10 11 12 13 14 15 | 15.9
Short Blades   | 8 9 11 12 | 12.0
Spellcasting   | 8 11 12 13 14 | 14.0
Summonings     | 3 9 12 13 15 | 15.3
Translocations | 4 5 6 |  6.0
Hexes          | 2 3 |  3.0
Stealth        | 8 11 14 17 19 20 | 20.2
Necromancy     | 1 3 |  3.0
Charms         | 2 |  2.0
Ice Magic      | 1 |  1.0
Crossbows      | 10 17 18 | 18.5
Evocations     | |  3.6

Action                   |  1- 3 |  4- 6 |  7- 9 | 10-12 | 13-15 | 16-18 | 19-21 | 22-24 | 25-27 || total
-------------------------+-------+-------+-------+-------+-------+-------+-------+-------+-------++-------
Melee: Short sword       |   126 |     7 |    20 |       |       |   151 |   947 |  1095 |   786 ||  3132
       Dagger            |       |   276 |   203 |    34 |     1 |   180 |   257 |   513 |   723 ||  2187
       Hand axe          |       |       |       |    33 |       |       |       |       |       ||    33
       Trident           |       |       |       |       |    74 |     3 |       |       |       ||    77
       Quick blade       |       |       |       |       |       |   420 |   638 |   172 |    69 ||  1299
 Fire: Triple crossbow   |       |       |       |       |       |       |       |       |    17 ||    17
 Cast: Regeneration      |       |       |       |       |       |    29 |    60 |    45 |    32 ||   166
       Blink             |       |       |       |       |       |     8 |    12 |     3 |     4 ||    27
       Summon Demon      |       |       |       |       |       |     7 |    16 |       |       ||    23
       Shadow Creatures  |       |       |       |       |       |     5 |     6 |       |       ||    11
       Aura of Abjuratio |       |       |       |       |       |     2 |     8 |     6 |     1 ||    17
       Summon Mana Viper |       |       |       |       |       |     1 |    87 |    56 |    18 ||   162
       Passage of Golubr |       |       |       |       |       |     1 |     1 |    10 |     1 ||    13
       Shroud of Golubri |       |       |       |       |       |     1 |       |       |       ||     1
       Apportation       |       |       |       |       |       |       |    13 |    53 |    26 ||    92
       Summon Hydra      |       |       |       |       |       |       |     9 |    46 |    70 ||   125
       Summon Ice Beast  |       |       |       |       |       |       |     1 |     2 |       ||     3
Invok: Minor Destruction |       |       |   181 |   558 |  1174 |  1056 |   503 |   207 |   145 ||  3824
       Lesser Servant of |       |       |       |     2 |       |       |       |       |       ||     2
       Greater Servant o |       |       |       |     1 |     9 |     3 |     9 |    12 |     8 ||    42
 Abil: Evoke Berserk Rag |       |       |       |       |       |     1 |       |       |       ||     1
Evoke: Wand              |     4 |    21 |     1 |    15 |    15 |    56 |    12 |    12 |    12 ||   148
       Lightning rod     |       |       |       |       |       |     4 |     7 |     2 |     2 ||    15
  Use: Scroll            |     4 |     6 |     9 |    11 |    21 |     7 |     9 |    14 |    14 ||    95
       Potion            |       |       |       |     1 |     7 |     3 |     1 |     8 |     1 ||    21
 Stab: Sleeping          |     2 |     4 |       |       |       |     1 |    29 |    47 |    65 ||   148
       Paralysed         |       |       |       |       |    16 |     9 |     1 |       |     3 ||    29
       Petrified         |       |       |       |       |       |     2 |       |       |       ||     2
       Distracted        |       |       |       |       |       |     3 |    39 |    40 |    49 ||   131
       Betrayed ally     |       |       |       |       |       |     1 |     2 |       |       ||     3
       Confused          |       |       |       |       |       |     1 |     1 |     2 |       ||     4
       Invisible         |       |       |       |       |       |       |       |       |     6 ||     6
       Fleeing           |       |       |       |       |       |       |       |       |     1 ||     1
  Eat: Chunk             |     9 |     7 |     8 |    23 |    25 |    38 |    54 |    63 |    55 ||   282
       Ration            |       |       |       |       |       |       |       |     4 |     1 ||     5
Armor: Leather armour    |    19 |    11 |    36 |       |       |       |       |       |       ||    66
       Ring mail         |     1 |    14 |       |    39 |   124 |   348 |   344 |   266 |   304 ||  1440
       Troll leather arm |       |       |     8 |    17 |     1 |       |       |       |       ||    26
       Robe              |       |       |       |       |     1 |       |       |       |       ||     1
Dodge: Dodged            |    96 |   152 |   139 |   246 |   453 |  1135 |  1451 |  1261 |  1625 ||  6558
       Deflected         |       |       |       |       |       |       |    33 |    18 |    15 ||    66

Table legend:
 A = Turns spent in this place as a percentage of turns spent in the entire game.
 B = Non-inter-level travel turns spent in this place as a percentage of non-inter-level travel turns spent in the entire game.
 C = Inter-level travel turns spent in this place as a percentage of turns spent in this place.
 D = Turns resting spent in this place as a percentage of non-inter-level travel turns spent in this place.
 E = Turns spent auto-exploring this place as a percentage of non-inter-level travel turns spent in this place.
 F = Non-inter-level travel turns spent in this place divided by the number of levels of this place that you've seen.
                   A       B       C       D       E      F
               +-------+-------+-------+-------+-------+----------------------
         Total | 100.0 | 100.0 |  18.9 |   1.2 |   2.0 | 870.0
       Dungeon |  29.8 |  26.6 |  27.5 |   1.2 |   2.4 | 788.1
          Lair |  11.2 |  11.0 |  20.3 |   0.0 |   0.0 | 812.3
         Swamp |   6.5 |   6.9 |  13.2 |   0.0 |   6.2 | 767.5
   Spider Nest |   6.9 |   8.1 |   4.8 |   0.1 |   2.7 | 896.8
  Orcish Mines |   5.4 |   4.6 |  30.7 |   1.8 |   0.1 | 1028.0
   Elven Halls |   8.6 |   9.1 |  14.4 |   5.1 |   2.0 | 1343.7
        Vaults |  12.8 |  12.7 |  19.5 |   0.5 |   2.0 | 1412.8
         Crypt |   6.5 |   6.9 |  13.3 |   0.0 |   1.3 | 1022.3
        Depths |   9.8 |  10.8 |  10.3 |   2.1 |   1.6 | 959.4
         Trove |   0.1 |   0.1 |   0.0 |   0.0 |   0.0 |  63.0
        Bailey |   0.6 |   0.7 |   0.0 |   0.0 |   0.0 | 316.0
      Ice Cave |   0.9 |   1.1 |   0.0 |   0.0 |   0.0 | 500.0
       Volcano |   0.6 |   0.8 |   0.0 |   0.0 |   0.0 | 333.0
        Wizlab |   0.4 |   0.5 |   0.0 |   0.0 |   0.0 | 202.0
               +-------+-------+-------+-------+-------+----------------------

Table legend:
 A = Kills in this place as a percentage of kills in entire the game.
 B = Kills by you in this place as a percentage of kills by you in the entire game.
 C = Kills by friends in this place as a percentage of kills by friends in the entire game.
 D = Other kills in this place as a percentage of other kills in the entire game.
 E = Experience gained in this place as a percentage of experience gained in the entire game.
 F = Experience gained in this place divided by the number of levels of this place that you have seen.
                   A       B       C       D       E      F
               +-------+-------+-------+-------+-------+----------------------
         Total | 100.0 | 100.0 | 100.0 | 100.0 | 100.0 | 18364.7
       Dungeon |  19.9 |  23.4 |   1.9 |   0.0 |   5.9 | 3668.4
          Lair |   8.8 |  10.0 |   3.0 |   0.0 |   6.6 | 10267.7
         Swamp |   7.0 |   7.9 |   2.2 |  10.0 |   7.1 | 16551.5
   Spider Nest |  11.8 |  13.0 |   5.9 |   0.0 |   9.9 | 23169.5
  Orcish Mines |   7.5 |   8.6 |   1.6 |   0.0 |   2.5 | 11916.0
   Elven Halls |   8.3 |   5.7 |  20.5 |  50.0 |  11.8 | 36916.7
        Vaults |  13.4 |  11.9 |  21.3 |  20.0 |  18.0 | 42233.0
         Crypt |   6.8 |   5.3 |  15.4 |   0.0 |   9.4 | 29490.0
        Depths |  13.5 |  11.2 |  25.6 |  10.0 |  27.9 | 52181.0
        Bailey |   1.2 |   1.4 |   0.0 |   0.0 |   0.3 | 2357.0
      Ice Cave |   0.9 |   0.8 |   1.9 |   0.0 |   0.2 | 2071.0
       Volcano |   0.8 |   0.8 |   0.8 |  10.0 |   0.3 | 2942.0
        Wizlab |   0.0 |   0.1 |   0.0 |   0.0 |   0.1 | 824.0
               +-------+-------+-------+-------+-------+----------------------

Vault maps used:
D:1:      lemuel_arrival_muddy
D:2:      lemuel_crystal_altar, chequers_ecumenical_altar_simple_redux,
          tso_metal_star
D:3:      lemuel_coloured_pillars_altar
D:4:      minmay_goblin_kobold_castle, first_ration, minmay_divided_ellipse
D:5:      lemuel_ice_spiral_2, nicolae_alphabet_shops, uniq_blork_the_orc
D:6:      minmay_temple_entry_glassed_door, minmay_misc_feat_chi, bloody_makhleb
D:7:      trog_ov_bears_minmay, grunt_temple_overflow_open, the_bakery,
          minivault_4, uniq_duvessa, uniq_prince_ribbit1
D:9:      serial_shops, shop, fedhas_altar_4
D:10:     david_orc_1_choice, serial_shops, shop, minmay_joined_circles
D:11:     minmay_lair_entry_lava, nicolae_trove_entry_free_sample
D:13:     cheibrodos_orc_bank, uniq_sonja
D:14:     david_vaults_1, enter_bailey_2, minmay_parallelograms, serial_shops,
          shop_fountains, portal_ice_cave_entry_pillars_2
D:15:     grunt_enter_depths_giant_problem, minivault_14,
          einodemon_armed_red_devil_minivault
Lair:1:   kennysheep_rathole, grunt_megastairs_1
Lair:2:   gammafunk_cloud_chamber, minmay_swamp_entry_swarm
Lair:3:   lemuel_fruit_fields
Lair:4:   spider_nest_entry_web_field, nicolae_volcano_entry_two_sided,
          minmay_lair_drake_nest, grunt_megastairs_4, uniq_kirke
Lair:6:   grunt_lair_end_beastmaster, slime_dummy, st_stairs_3,
          fungi_pond_lemuel, minivault_25
Swamp:1:  evilmike_swamp_ruin_house_3
Swamp:2:  nicolae_swamp_stair_fork, infiniplex_staircase_pool
Swamp:3:  serial_swamp_ruin, evilmike_swamp_ruin_house_2,
          evilmike_swamp_ruin_house_4, swamp_pool4
Swamp:4:  swamp_basic_johnstein, swamp_pool2, nicolae_swamp_necromancer_hut
Spider:1: nicolae_spider_circle_web
Spider:2: hive_lemuel
Spider:4: floodkiller_spider_rune_tomb, spider_trap
Orc:1:    serial_shops, shop, sword_in_stone
Orc:2:    pubby_orc_utopia
Elf:1:    elf_arrival_002, orc_legates, lemuel_flamethrower_2
Elf:2:    onia_ninara_cookie, lemuel_elevator
Elf:3:    minmay_elf_hall_x, minmay_shoptagon
Vaults:1: ontoclasm_vaults_bender, grunt_vaults_diagonal,
          nicolae_vaults_angled_halls, v_alt_pattern_5, v_misc_10,
          nicolae_vaults_ring_of_whatevers, nicolae_vaults_sealed_display,
          vaults_room_grunt_arrival_ludios, v_misc_3, grunt_vaults_swirl,
          v_misc_23, nicolae_vaults_little_squares_1
Vaults:2: nicolae_vaults_fighting_squares, hangedman_vaults_locks,
          nicolae_vaults_triangles, v_rooms_5, v_misc_23,
          nicolae_vaults_network_periphery, nicolae_vaults_rhombus_6, v_misc_24,
          vaults_dpeg_encased_lava
Vaults:3: hangedman_vaults_variations, minmay_crypt_entry_nasty_monster,
          v_alt_pattern_6, nicolae_vaults_mini_display_case,
          ontoclasm_vaults_ring_square, v_misc_24, vaults_dpeg_hooks,
          ontoclasm_vaults_decontamination, nicolae_vaults_little_squares_4,
          serial_shops, nicolae_shop_trees, shop, uniq_bai_suzhen
Vaults:4: st_lattice, nicolae_vaults_angled_halls,
          nicolae_vaults_twisting_passages, v_misc_33, v_alt_pattern_2,
          grunt_vaults_hallway_long, hangedman_vaults_impose,
          nicolae_vaults_ninety_degrees, ontoclasm_vaults_chip, v_rooms_4,
          ontoclasm_vaults_ring_square, vaults_room_hallway, vaults_dpeg_doors,
          nicolae_vaults_little_ls, serial_shops, shop
Crypt:2:  basic_altar, serial_sigils_hangedman_clutch
Crypt:3:  quadcrypt_mu
Depths:1: mu_elephants_graveyard, pf_hell_entry_tar_spiral, mu_enter_wizlab_1,
          serial_sigils, serial_sigils_hangedman_shear,
          serial_sigils_hangedman_leer, serial_sigils_hangedman_etch,
          serial_bayou_lagoon_a, kennysheep_small_square
Depths:2: grunt_arcs, enter_ziggurat_a, hangedman_geh_valley, uniq_asterion,
          uniq_nikola
Depths:3: hangedman_box_tower, grunt_pan_entry_in_and_out,
          roderic_serpentine_path, hell_entry, serial_bayou_shore_b, uniq_boris
Depths:4: minmay_the_grid_square_5x5_4x4_mashed, minmay_splitting_lines,
          hell_entry, abyss_entry, minmay_staircase_windowed_large
Depths:5: evilmike_zot_entry_basic, hell_entry, serial_bayou,
          serial_bayou_lake_a, serial_bayou_shore_b, serial_bayou_shore_b,
          serial_bayou_shore_b, uniq_xtahua
Trove:    trove_simple
Bailey:   bailey_axe_bossmonster_kennysheep, bailey
IceCv:    ice_cave_small_demon
Volcano:  volcano_grotto
WizLab:   wizlab_wucad
